 Dungeon Crawl Stone Soup version 0.31.0-1-g2c135a0 (webtiles) character file.

Game seed: 14237569552311513061

212 jagoly the Trooper (level 5, -2/34 HPs)
             Began as a Gargoyle Monk on Feb 2, 2024.
             Slain by a wight
             ... wielding a +0 falchion
              (5 damage)
             ... on level 5 of the Dungeon.
             The game lasted 00:04:28 (820 turns).

jagoly the Trooper (Gargoyle Monk)                   Turns: 820, Time: 00:04:29

Health: -2/34      AC: 10    Str: 23    XL:     5   Next: 89%
Magic:  5/5        EV: 11    Int: 10    God:
Gold:   113        SH:  0    Dex: 12    Spells: 4/4 levels left

rFire   . . .        a - +0 hand axe
rCold   . . .        d - orb {light}
rNeg    + . .        j - +0 scale mail
rPois   ∞            (no helmet)
rElec   +            (no cloak)
rCorr   .            (no gloves)
SInv    .            (no boots)
Will    .....        (no amulet) Stlth
                     f - +6 ring of strength
HPRegen 0.25/turn    (no ring)
MPRegen 0.09/turn

%: no passive effects
@: glowing
A: sickness immunity, AC +4, negative energy resistance 1, electricity
resistance, torment resistance 1, petrification resistance
a: no special abilities


You were on level 5 of the Dungeon.
You visited 1 branch of the dungeon, and saw 6 of its levels.

You collected 113 gold pieces.

Inventory:

Hand Weapons
 a - a +0 hand axe (weapon)
Missiles
 g - 31 stones (quivered)
Armour
 b - a +0 robe
 d - an orb of light (worn)
 e - a +0 ring mail
 j - a +0 scale mail (worn)
Jewellery
 f - a +6 ring of strength (left hand)
Scrolls
 h - a scroll of identify {unknown}
 i - a scroll of teleportation {unknown}
 k - a scroll of blinking {unknown}
 l - a scroll of noise {unknown}
 m - a scroll of enchant armour {unknown}
Potions
 c - a potion of ambrosia
 n - a potion of haste {unknown}
 o - a potion of mutation {unknown}


   Skills:
 + Level 4.3 Fighting
 * Level 4.3 Axes
 + Level 2.5 Armour
 - Level 3.0 Dodging


You had 4 spell levels left.
You didn't know any spells.
Your spell library was empty.

Dungeon Overview and Level Annotations

Branches:
Dungeon (6/15) Zot: 26887
 Temple: D:4-7

Altars:

Shops:
D:3 :


Innate Abilities, Weirdness & Mutations

You are immune to sickness and miasma.
Your stone body is resilient. (AC +4)
You are immune to poison.
You resist negative energy. (rN+)
You are resistant to electric shocks. (rElec)
You are resistant to unholy torment.
You are immune to petrification.


Message History

You barely miss the bat. The bat misses you.
You hit the bat.
The bat is moderately wounded.
The bat barely misses you. The bat misses you.
You hit the bat.
You kill the bat!
No target in view!
There is a stone staircase leading down here.
You climb downwards.
Found a scroll labelled TOUM TULIESIS.
There is a stone staircase leading up here.
A kobold comes into view. It is wielding a +0 dagger.
Found 19 gold pieces.
The kobold shouts!
You hear a shout!
You slash the kobold!
You kill the kobold!
No target in view!
Things that are here:
a +0 dagger; a kobold corpse A ribbon worm, a goblin and a bat come into view.
The goblin shouts!
The bat completely misses you.
You see here a scroll labelled TOUM TULIESIS.
l - a scroll labelled TOUM TULIESIS The bat hits you but does no damage.
The bat barely misses you. The goblin misses you.
The ribbon worm expels a string of sticky webbing.
The stream of webbing hits you but does no damage.
You are caught in a web!
You struggle to detach yourself from the web.
The bat hits you but does no damage. x2; The goblin barely misses you.
The web tears apart.
The bat barely misses you. The bat hits you but does no damage.
The goblin hits you but does no damage. The bat barely misses you.
You hit the goblin.
The goblin is moderately wounded.
You hit the bat but do no damage. The bat hits you but does no damage.
The goblin barely misses you.
You hit the goblin.
You kill the goblin!
You completely miss the bat. You hit the ribbon worm.
The bat closely misses you. The bat hits you but does no damage.
The ribbon worm bites you but does no damage.
You hit the ribbon worm.
The ribbon worm is heavily wounded.
The bat barely misses you. The ribbon worm barely misses you.
You hit the ribbon worm but do no damage.
The ribbon worm is moderately wounded.
The bat closely misses you.
The ribbon worm bites you but does no damage.
You hit the ribbon worm.
The ribbon worm is moderately wounded.
You hit the bat. The bat closely misses you.
The ribbon worm bites you but does no damage.
You barely miss the bat.
The bat is heavily wounded.
You hit the ribbon worm. The bat barely misses you.
The bat hits you but does no damage. x2
You hit the ribbon worm.
The ribbon worm is severely wounded.
You barely miss the bat. The bat completely misses you.
The ribbon worm expels a string of sticky webbing.
The stream of webbing hits you but does no damage.
You are caught in a web!
The bat hits you but does no damage.
The web tears apart.
The ribbon worm bites you but does no damage.
The bat completely misses you.
You hit the ribbon worm.
The ribbon worm is severely wounded.
You closely miss the bat. The bat hits you but does no damage.
The ribbon worm barely misses you.
You hit the ribbon worm.
The ribbon worm is almost dead.
The bat hits you but does no damage. x2; The ribbon worm bites you.
You slash the ribbon worm!
You kill the ribbon worm!
You hit the bat.
You kill the bat!
No target in view!
You see here a ribbon worm corpse.
You now have 66 gold pieces (gained 19).
Found a stone staircase leading down.
HP restored.
Found 10 gold pieces.
There is a stone staircase leading down here.
You climb downwards.
Found a ring mail.
There is a stone staircase leading up here.
You can't go down here!
You closely miss the bat. The bat barely misses you.
The bat hits you but does no damage.
You closely miss the bat. The bat barely misses you.
You hit the bat.
The bat is moderately wounded.
The bat hits you but does no damage. x2; The bat barely misses you.
You closely miss the bat.
The bat is moderately wounded.
The bat barely misses you. The bat hits you but does no damage.
You closely miss the bat. The bat closely misses you.
The bat hits you but does no damage. The bat barely misses you.
You slash the bat!
You kill the bat!
No target in view!
You climb upwards.
There is a stone staircase leading down here.
Found a leather armour.
You now have 76 gold pieces (gained 10).
A kobold comes into view. It is wielding a +0 short sword.
You completely miss the kobold. The kobold hits you but does no damage.
You hit the kobold.
You kill the kobold!
You see here a +0 short sword.
Found a stone staircase leading up.
You see here a +0 short sword.
Found a scroll labelled IHASKO TYNANI and a whip.
A kobold comes into view. It is wielding a +0 dagger.
A rat comes into view.
Found 8 gold pieces.
The rat squeaks loudly.
You see here a scroll labelled IHASKO TYNANI.
m - a scroll labelled IHASKO TYNANI The kobold barely misses you.
You hit the kobold but do no damage. The kobold hits you but does no damage.
The rat bites you but does no damage.
You hit the rat.
You kill the rat!
You hit the kobold. The kobold completely misses you.
You slash the kobold!
You kill the kobold!
No target in view!
A bat comes into view.
The bat moves out of view.
The bat hits you but does no damage. The bat closely misses you.
A bat is nearby!
A bat is nearby!
You slash the bat!
You kill the bat!
You now have 84 gold pieces (gained 8).
Found 9 stones.
Found a glowing dark potion.
n - a glowing dark potion
g - 34 stones (gained 9)
You see here a +0 whip.
Found a stone staircase leading down.
A rat comes into view.
The rat squeaks loudly.
The rat bites you but does no damage.
A rat is nearby!
You hit the rat.
The rat is heavily wounded.
The rat bites you but does no damage.
You hit the rat but do no damage.
The rat is heavily wounded.
The rat closely misses you.
You barely miss the rat.
The rat is heavily wounded.
The rat barely misses you.
You hit the rat.
You kill the rat!
Found a robe.
There is a stone staircase leading down here.
You climb downwards.
The endoplasm quivers.
The ball python hisses angrily.
The goblin shouts!
The ball python closely misses you. The ball python completely misses you.
Found a puce potion and 12 gold pieces.
There is a stone staircase leading up here.
You hit the ball python.
You kill the ball python!
You hit the goblin.
The goblin is moderately wounded.
The goblin barely misses you.
You hit the goblin.
You kill the goblin!
You have reached level 4!
You feel stronger.
You hit the ball python but do no damage.
You hit the endoplasm but do no damage. The ball python barely misses you.
The ball python closely misses you. The endoplasm freezes you.
You are frozen.
You slash the ball python!
You kill the ball python!
You hit the endoplasm. You hit the giant cockroach.
The giant cockroach bites you but does no damage.
The endoplasm hits you but does no damage.
The giant cockroach bites you.
You hit the giant cockroach.
The giant cockroach is severely wounded.
You hit the endoplasm.
The giant cockroach bites you but does no damage.
The endoplasm closely misses you.
You hit the giant cockroach.
You kill the giant cockroach!
You slash the endoplasm!
You kill the endoplasm!
No target in view!
o - a puce potion A ball python comes into view.
The ball python hisses angrily.
You hit the ball python.
The ball python is severely wounded.
The ball python bites you. The ball python barely misses you.
The ball python closely misses you. The ball python barely misses you.
You slash the ball python!
You kill the ball python!
No target in view!
No target in view!
You now have 96 gold pieces (gained 12).
You see here a ball python corpse.
A rat comes into view.
The rat squeaks loudly.
You hear an angry hiss.
An adder comes into view.
The rat misses you.
You barely miss the rat. The rat closely misses you.
The rat twitches its whiskers.
The rat closely misses you.
You barely miss the rat. The rat bites you but does no damage.
You slash the rat!
You kill the rat!
The adder closely misses you.
You closely miss the adder. The adder bites you but does no damage.
You closely miss the adder. The adder bites you but does no damage.
The adder closely misses you.
You closely miss the adder. The adder bites you but does no damage.
You barely miss the adder. The adder bites you but does no damage.
The adder bites you.
You hit the adder but do no damage. The adder barely misses you.
You slash the adder!
The adder is severely wounded.
The adder bites you but does no damage. The adder closely misses you.
You hit the adder.
The adder is almost dead.
The adder barely misses you.
You slash the adder!
You kill the adder!
No target in view!
You see here an adder corpse.
HP restored.
An endoplasm comes into view.
The endoplasm moves out of view.
An endoplasm and a jackal come into view.
The jackal barks!
There are monsters nearby!
No target in view!
Found a stone staircase leading down.
You are illuminated by a small divine halo.
You are glowing.
Your movement speed is average.
Your attack delay is about 1.1.
Your damage rating with your +0 hand axe is about 10 (Base 7 x 132% (Str) x 112% (Skill)).
Your base attributes are Str 17, Int 10, Dex 12.
Unknown command.
You slash the endoplasm!
You kill the endoplasm!
An endoplasm comes into view.
The jackal misses you.
The endoplasm quivers.
You hit the jackal.
The jackal is almost dead.
The jackal completely misses you.
You slash the jackal!
You kill the jackal!
An orc comes into view. It is wielding a +0 hand axe.
The orc shouts!
You hit the endoplasm but do no damage.
The endoplasm hits you but does no damage.
The endoplasm barely misses you.
You hit the endoplasm.
The endoplasm is severely wounded.
The endoplasm freezes you.
You are frozen.
You hit the endoplasm.
You kill the endoplasm!
You hit the orc.
The orc is heavily wounded.
The orc hits you with a +0 hand axe.
You hit the orc.
The orc is severely wounded.
The orc hits you with a +0 hand axe.
You hit the orc.
You kill the orc!
No target in view!
Things that are here:
a +0 hand axe; an orc corpse
There is a stone staircase leading down here.
You climb downwards.
There is a stone staircase leading up here.
You climb upwards.
There is a stone staircase leading down here.
Found 17 gold pieces.
A hobgoblin comes into view.
Found a scroll labelled EREVAUMECS.
The hobgoblin shouts!
A rat comes into view.
An endoplasm comes into view.
Found Bedi's Vocational Training.
The rat squeaks loudly.
You see here 17 gold pieces.
You now have 113 gold pieces (gained 17).
You hit the hobgoblin.
The hobgoblin is moderately wounded.
The hobgoblin hits you but does no damage.
You hit the hobgoblin but do no damage.
The hobgoblin is moderately wounded.
The hobgoblin barely misses you.
You barely miss the hobgoblin.
The hobgoblin is moderately wounded.
The hobgoblin closely misses you.
You hit the hobgoblin.
The hobgoblin is severely wounded.
You hit the endoplasm. You hit the rat.
You kill the rat!
The endoplasm hits you but does no damage.
The hobgoblin hits you.
You slash the hobgoblin!
You kill the hobgoblin!
You hit the endoplasm but do no damage. The endoplasm closely misses you.
You hit the endoplasm but do no damage.
The endoplasm hits you but does no damage.
You hit the endoplasm.
The endoplasm is severely wounded.
The endoplasm closely misses you.
You hit the endoplasm.
You kill the endoplasm!
No target in view!
Found 11 gold pieces.
Found a stone staircase leading down.
A malevolent force fills the Dungeon...
You fall into a shaft and drop 2 floors!
The shaft crumbles and collapses.
Found a stone staircase leading down.
There is a stone staircase leading down here.
You climb downwards.
The centaur shouts!
You hear an angry hiss.
You hear a shout!
Found 17 gold pieces.
Found a stone staircase leading up.
There is a stone staircase leading up here.
The centaur hits you but does no damage.
The centaur kicks you but does no damage.
You climb upwards.
There is a stone staircase leading down here.
You hit the centaur but do no damage.
The centaur hits you but does no damage.
The centaur kicks you but does no damage.
The centaur barely misses you.
The centaur kicks you but does no damage.
You hit the centaur.
The centaur is moderately wounded.
The centaur hits you.
The centaur kicks you but does no damage.
The centaur hits you.
The centaur kicks you but does no damage.
You hit the centaur.
The centaur is moderately wounded.
The centaur hits you but does no damage.
The centaur barely misses you.
You hit the centaur.
The centaur is heavily wounded.
The centaur misses you. The centaur kicks you.
The centaur hits you but does no damage.
The centaur kicks you but does no damage.
You hit the centaur.
The centaur is severely wounded.
The centaur closely misses you. The centaur kicks you.
The centaur barely misses you.
The centaur kicks you but does no damage.
You hit the centaur but do no damage.
The centaur is severely wounded.
The centaur barely misses you.
The centaur kicks you but does no damage.
You barely miss the centaur.
The centaur is severely wounded.
The centaur hits you but does no damage.
The centaur kicks you.
The centaur hits you but does no damage.
The centaur kicks you.
You hit the centaur.
The centaur is severely wounded.
The centaur closely misses you. The centaur barely misses you.
The centaur hits you.
The centaur kicks you but does no damage.
You hit the centaur.
The centaur is almost dead.
The centaur hits you.
The centaur kicks you but does no damage.
You barely miss the centaur.
The centaur is almost dead.
The centaur barely misses you.
The centaur kicks you but does no damage.
The centaur hits you but does no damage.
The centaur kicks you but does no damage.
You hit the centaur.
You kill the centaur!
Training target 3.0 for Dodging reached!
Your Fighting skill increases to level 4!
Your Axes skill increases to level 4!
Your Armour skill increases to level 2!
Your Dodging skill increases to level 3!
You have reached level 5!
Things that are here:
a +0 shortbow; a centaur corpse
Found a rapier.
You see here a +0 rapier.
Found a falchion.
HP restored.
HP restored.
A wight comes into view. It is wielding a +0 falchion.
A wight is nearby!
A wight is nearby!
A wight comes into view. It is wielding a +3 hand axe.
Throw: 34 stones
Press: ? - help, Q - select action Shift-Dir - straight line, f - wight
Aim: a wight, wielding a +0 falchion and wearing a +0 robe (haloed, 76% to hit)
You throw a stone.
The stone hits the wight but does no damage.
Throw: 33 stones
Press: ? - help, Q - select action Shift-Dir - straight line, f/p - wight
Aim: a wight, wielding a +0 falchion and wearing a +0 robe (haloed, 76% to hit)
Okay, then.
You aren't carrying any items that you can evoke.
Unknown command.
Throw: 33 stones
Press: ? - help, Q - select action Shift-Dir - straight line, f/p - wight
Aim: a wight, wielding a +0 falchion and wearing a +0 robe (haloed, 76% to hit)
You throw a stone.
The stone hits the wight but does no damage.
Throw: 32 stones
Press: ? - help, Q - select action Shift-Dir - straight line, f/p - wight
Aim: a wight, wielding a +0 falchion and wearing a +0 robe (haloed, 76% to hit)
You throw a stone. The stone hits the wight.
The wight is lightly damaged.
You hit the wight but do no damage.
The wight is lightly damaged.
The wight hits you with a +3 hand axe.
You hit the wight.
The wight is moderately damaged.
The wight hits you with a +3 hand axe.
You hit the wight but do no damage.
The wight is moderately damaged.
The wight hits you with a +3 hand axe.
You hit the wight.
The wight is moderately damaged.
The wight hits you with a +3 hand axe.
* * * LOW HITPOINT WARNING * * *
You are too injured to fight recklessly!
Cleave: a) +0 hand axe
Press: ? - help, Dir - move target, f - wight, p - wight
Aim: a wight, wielding a +3 hand axe and wearing a +0 robe (moderately damaged, haloed, about 20% to evade your +0 hand axe)
You hit the wight.
The wight is heavily damaged.
The wight closely misses you. x2
Cleave: a) +0 hand axe
Press: ? - help, Dir - move target, f/p - wight
Aim: a wight, wielding a +3 hand axe and wearing a +0 robe (heavily damaged, haloed, about 20% to evade your +0 hand axe)
You barely miss the wight.
The wight is heavily damaged.
The wight hits you but does no damage.
Unknown command.
Cleave: a) +0 hand axe
Press: ? - help, Dir - move target, f/p - wight
Aim: a wight, wielding a +3 hand axe and wearing a +0 robe (heavily damaged, haloed, about 20% to evade your +0 hand axe)
You hit the wight but do no damage.
The wight is heavily damaged.
The wight hits you with a +3 hand axe.
* * * LOW HITPOINT WARNING * * *
Cleave: a) +0 hand axe
Press: ? - help, Dir - move target, f/p - wight
Aim: a wight, wielding a +3 hand axe and wearing a +0 robe (heavily damaged, haloed, about 20% to evade your +0 hand axe)
You hit the wight.
The wight is severely damaged.
The wight hits you with a +3 hand axe!
* * * LOW HITPOINT WARNING * * *
Okay, then.
Cleave: a) +0 hand axe
Press: ? - help, Dir - move target, f/p - wight
Aim: a wight, wielding a +3 hand axe and wearing a +0 robe (severely damaged, haloed, about 20% to evade your +0 hand axe)
You hit the wight but do no damage.
The wight is severely damaged.
The wight hits you with a +3 hand axe.
* * * LOW HITPOINT WARNING * * *
Cleave: a) +0 hand axe
Press: ? - help, Dir - move target, f/p - wight
Aim: a wight, wielding a +3 hand axe and wearing a +0 robe (severely damaged, haloed, about 20% to evade your +0 hand axe)
You slash the wight!
You destroy the wight!
Cleave: a) +0 hand axe
Press: ? - help, Dir - move target, f - wight
Aim: a wight, wielding a +0 falchion and wearing a +0 robe (haloed, about 20% to evade your +0 hand axe)
You hit the wight.
The wight is lightly damaged.
The wight closely misses you.
Cleave: a) +0 hand axe
Press: ? - help, Dir - move target, f/p - wight
Aim: a wight, wielding a +0 falchion and wearing a +0 robe (lightly damaged, haloed, about 20% to evade your +0 hand axe)
You hit the wight.
The wight is lightly damaged.
The wight hits you but does no damage.
Cleave: a) +0 hand axe
Press: ? - help, Dir - move target, f/p - wight
Aim: a wight, wielding a +0 falchion and wearing a +0 robe (lightly damaged, haloed, about 20% to evade your +0 hand axe)
You hit the wight.
The wight is heavily damaged.
The wight hits you with a +0 falchion.
You die...

#####........#########.##.#
...............####.##.#
#.#######...........##.#
#.#######.......######.#
.....................#.#
### #..........####.###
#.##.####### #..##########
#.....@z....# #..########.#
#..... #.# ###..# .z. #..#
##.#. ##.. ..... #.. ... ##
+. .## ..


You could see a wight.

Vanquished Creatures
  A centaur (D:5)
  A wight (D:5)
  A gnoll (D:1)
  2 adders
  A ribbon worm (D:2)
  A dart slug (D:1)
  An orc (D:3)
  5 endoplasms
  A giant cockroach (D:3)
  7 goblins
  2 hobgoblins
  A jackal (D:3)
  9 ball pythons
  5 bats
  2 frilled lizards (D:1)
  5 kobolds
  4 rats
49 creatures vanquished.

Notes
Turn   | Place    | Note
-------+----------+-------------------------------------------
     0 | D:1      | jagoly the Gargoyle Monk began the quest for the Orb.
     0 | D:1      | Reached XP level 1. HP: 14/14 MP: 1/1
    80 | D:1      | Reached XP level 2. HP: 16/19 MP: 2/2
   257 | D:2      | Reached skill level 1 in Armour
   274 | D:2      | Reached XP level 3. HP: 22/23 MP: 3/3
   613 | D:3      | Reached XP level 4. HP: 29/29 MP: 4/4
   695 | D:3      | Found Bedi's Vocational Training.
   706 | D:3      | You fall into a shaft and drop 2 floors!
   706 | D:5      | Entered Level 5 of the Dungeon
   712 | D:6      | Noticed a centaur
   713 | D:6      | Noticed an ogre
   725 | D:5      | Killed a centaur
   726 | D:5      | Reached XP level 5. HP: 18/33 MP: 5/5
   820 | D:5      | Slain by a wight

Illustrated notes

Levels and vault maps discovered:
D:1:      heliophobic_arrival_ceremonial_halls, layout_loops_ring,
          nicolae_ecumenical_snake_handling, grunt_decor_one_mirror,
          minmay_pentomino_w2
D:2:      layout_basic
D:3:      layout_rooms, st_stairs_6, corexii_leaking_fountain,
          nicolae_shop_vocational
D:4:      kennysheep_spiral_hall, layout_basic, kennysheep_okawaru_gauntlet,
          uniq_crazy_yiuf_cottage
D:5:      layout_basic, nicolae_dithmenos_shadow_blocks,
          makhleb_heckhound_becter, dk_noncrumbling_4, uniq_sigmund,
          uniq_duvessa, uniq_pikel, uniq_prince_ribbit1
D:6:      layout_rooms, ashenzari_altar_1, mainiacjoe_overflow_big_doors,
          minmay_temple_entry_trees, gammafunk_ghost_grave

Skill      XL: |  1  2  3  4 |
---------------+-------------+-----
Axes           | 3 4 |  4.3
Armour         | 1 2 |  2.5
Fighting       | 4 |  4.3
Dodging        | 3 |  3.0

Action                     |  1- 3 |  4- 6 || total
---------------------------+-------+-------++-------
  Melee: Hand axe          |    90 |    58 ||   148
  Throw: Stone             |       |     3 ||     3
 Armour: Ring mail         |    24 |       ||    24
         Scale mail        |    51 |    56 ||   107
  Dodge: Dodged            |    70 |    33 ||   103
